 Dungeon Crawl Stone Soup version 0.17.1-1-g73c8601 (webtiles) character file.

5371 Iamburgie the Fighter (level 10, -2/101 HPs)
             Began as a Minotaur Fighter on Dec 17, 2015.
             Was a Follower of Okawaru.
             Slain by an ogre
             ... wielding a +0 giant spiked club
              (19 damage)
             ... on level 9 of the Dungeon.
             The game lasted 00:14:41 (7881 turns).

Iamburgie the Fighter (Minotaur Fighter)            Turns: 7881, Time: 00:14:42

Health: -2/101     AC:  0    Str: 22    XL:     10   Next: 39%
Magic:  9/9        EV:  7    Int:  5    God:    Okawaru [*.....]
Gold:   356        SH: 10    Dex: 12    Spells: 0 memorised, 9 levels left

rFire  . . .     SeeInvis .     a - +1 war axe
rCold  + . .     Clarity  .     b - +0 scale mail
rNeg   . . .     SustAt   .     c - +1 shield
rPois  .         Gourm    .     (helmet restricted)
rElec  .         Spirit   .     w - +0 cloak
rCorr  .         Warding  .     (no gloves)
rMut   .         Stasis   .     (no boots)
MR     .....                    (no amulet)
Stlth  ..........               q - ring of wizardry
                                k - ring of protection from cold

@: corroded equipment, not resistant to hostile enchantments, extremely
unstealthy
A: retaliatory headbutt, horns 2
a: Heroism, Renounce Religion


You were on level 9 of the Dungeon.
You worshipped Okawaru.
Okawaru was aware of your devotion.
You were very hungry.

You visited 2 branches of the dungeon, and saw 10 of its levels.
You also visited: Sewer.

You collected 356 gold pieces.

Inventory:

Hand Weapons
 a - a +1 war axe (weapon)
 H - a +1 long sword of holy wrath
Missiles
 d - 6 javelins of penetration (quivered)
Armour
 b - a +0 scale mail (worn)
 c - a +1 shield (worn)
 w - a +0 cloak (worn)
 K - a +0 plate armour
 L - a +2 hat
Jewellery
 k - a ring of protection from cold (left hand)
 q - a ring of wizardry (right hand)
 C - an uncursed amulet of resist mutation {unknown}
Wands
 B - a wand of confusion (16)
 F - a wand of magic darts (31)
 I - a wand of frost (23)
 M - a wand of flame (13)
 O - a wand of draining (3)
 S - a wand of draining (14)
Scrolls
 f - 2 scrolls of enchant armour
 g - 6 scrolls of teleportation
 i - a scroll of random uselessness {unknown}
 l - a scroll of enchant weapon
 m - 6 scrolls of identify
 o - 2 scrolls of recharging
 v - a scroll of immolation {unknown}
 x - 4 scrolls of noise
 y - 4 scrolls of remove curse
 E - a scroll of blinking
Potions
 h - 7 potions of heal wounds
 j - 2 potions of magic
 n - 8 potions of curing
 r - 3 potions of brilliance {unknown}
 t - 2 potions of might
 u - 2 potions of degeneration
 z - 4 potions of flight {unknown}
 J - a potion of poison {unknown}
 P - a potion of cure mutation {unknown}
 R - 2 potions of haste {unknown}
Books
 D - a book of Fire

   Spells                             Type                      Level
   a - Ignite Poison                  Fire/Transmutation/Poison    3
   b - Fireball                       Conjuration/Fire             5
   c - Bolt of Fire                   Conjuration/Fire             6
   d - Delayed Fireball               Conjuration/Fire             7
   e - Ring of Flames                 Charms/Fire                  7
 G - a book of Conjurations

   Spells                             Type                      Level
   a - Magic Dart                     Conjuration                  1
   b - Searing Ray                    Conjuration                  2
   c - Dazzling Spray                 Conjuration/Hexes            3
   d - Fulminant Prism                Conjuration/Hexes            4
   e - Iskenderun's Mystic Blast      Conjuration                  4
   f - Iskenderun's Battlesphere      Conjuration/Charms           5
Comestibles
 e - 7 bread rations
 p - 6 meat rations
 s - 2 royal jellies
 A - 10 slices of pizza
 N - 2 beef jerkies
 Q - 4 fruits


   Skills:
 + Level 13.1 Fighting
 + Level 12.9 Axes
 - Level 3.6 Armour
 - Level 3.6 Shields


You had 9 spell levels left.
You didn't know any spells.

Dungeon Overview and Level Annotations

Branches:
Dungeon (9/15)             Temple (1/1) D:7
   Lair: D:8-11         Orc: D:9-12

Altars:
Ashenzari
Cheibriados
Dithmenos
Elyvilon
Fedhas
Gozag
Kikubaaqudgha
Makhleb
Nemelex Xobeh
Okawaru
Qazlal
Ru
Sif Muna
Trog
Vehumet
Xom
Yredelemnul
Zin
The Shining One


Innate Abilities, Weirdness & Mutations

You reflexively headbutt those who attack you in melee.
You have a pair of horns on your head.


Message History

You feel much better.
The centaur shoots an arrow.
The arrow hits you.
The centaur unwields an uncursed shortbow.
You block the centaur's attack.
Your shield and scale mail prevent you from hitting the centaur.
The centaur hits you. The centaur barely misses you.
You slash the ogre!
The ogre is heavily wounded.
You hit the centaur.
The centaur is moderately wounded.
The centaur hits you!
* * * LOW HITPOINT WARNING * * *
The ogre barely misses you.
You hit the ogre but do no damage. Your headbutt misses the ogre.
The ogre is heavily wounded.
You hit the centaur.
The centaur is moderately wounded.
You block the centaur's attack. The centaur hits you!
* * * LOW HITPOINT WARNING * * *
The ogre hits you with a giant spiked club!!
You die...

#........≈≈§ #'#######
#.......≈≈≈§ ........#
##......§≈!≈§
........####......≈§§?≈$
........##........≈§.≈.≈
........#.(#.......≈≈≈§≈
........#(##.......).≈§≈
......>.#(##..........((
...<..O@(.##..........§.
......c.####...[........
........# ####.........
........# ###....###
######### ######


You could see an ogre and a centaur.

Vanquished Creatures
  Pikel (D:6)
  Grinder (D:4)
  A hungry ghost (D:8)
  4 hippogriffs
  A human (D:7)
  A wyvern (D:8)
  3 ice beasts
  The ghost of grizfap the Skirmisher, an amateur DrBe of Trog (D:3)
  2 phantoms
  2 orc warriors
  A black bear (D:8)
  6 ogres
  2 centaurs (D:8)
  A sky beast (D:6)
  A big kobold (Sewer)
  6 giant frogs
  A scorpion (D:4)
  6 killer bees (D:9)
  2 jellies (D:9)
  2 crimson imps (D:5)
  6 hounds
  2 lava snakes (D:9)
  A centaur skeleton (D:9)
  2 giant frog skeletons
  Crazy Yiuf (D:2)
  5 orc priests
  7 orc wizards
  An iguana (D:4)
  6 worker ants
  4 sheep (D:7)
  2 hound zombies
  3 hound skeletons
  6 gnolls
  7 river rats
  2 shadow imps
  8 adders
  An adder zombie (D:6)
  2 adder skeletons
  2 worms
  2 giant geckos
  22 orcs
  9 bats
  12 giant cockroaches
  5 goblins
  8 hobgoblins
  10 jackals
  21 kobolds
  5 quokkas
  8 ball pythons
  2 giant gecko skeletons (D:5)
  3 giant newts
  A quokka zombie (D:7)
  29 rats
250 creatures vanquished.

Vanquished Creatures (others)
  2 bushes (D:9)
2 creatures vanquished.

Grand Total: 252 creatures vanquished

Notes
Turn   | Place    | Note
--------------------------------------------------------------
     0 | D:1      | Iamburgie the Minotaur Fighter began the quest for the Orb.
     0 | D:1      | Reached XP level 1. HP: 19/19 MP: 0/0
    92 | D:1      | Reached skill level 4 in Fighting
    92 | D:1      | Reached XP level 2. HP: 27/27 MP: 1/1
   862 | D:2      | Reached XP level 3. HP: 34/34 MP: 2/2
  1156 | D:2      | Found a burning altar of Makhleb.
  1165 | D:2      | Found a white marble altar of Elyvilon.
  1167 | D:2      | Found an opulent altar of Gozag.
  1174 | D:2      | Found a sacrificial altar of Ru.
  1306 | D:2      | Noticed Crazy Yiuf
  1316 | D:2      | Killed Crazy Yiuf
  1316 | D:2      | Reached XP level 4. HP: 36/41 MP: 3/3
  1486 | D:3      | Found a shimmering altar of Xom.
  1494 | D:3      | Noticed grizfap's ghost (amateur DrBe)
  1494 | D:3      | Reached skill level 5 in Fighting
  1501 | D:3      | Killed grizfap's ghost
  1501 | D:3      | Reached skill level 5 in Axes
  1501 | D:3      | Reached XP level 5. HP: 45/49 MP: 4/4
  1959 | D:4      | Reached skill level 6 in Fighting
  1973 | D:4      | Reached XP level 6. HP: 53/58 MP: 5/5
  1975 | D:4      | Found a basalt altar of Yredelemnul.
  2066 | D:4      | Found a glowing drain.
  2088 | Sewer    | Entered a sewer
  2331 | Sewer    | Reached skill level 7 in Fighting
  2934 | D:4      | Reached XP level 7. HP: 66/66 MP: 6/6
  3007 | D:4      | Noticed Grinder
  3023 | D:4      | Killed Grinder
  3067 | D:5      | Entered Level 5 of the Dungeon
  3102 | D:5      | Reached skill level 8 in Fighting
  3597 | D:5      | Reached XP level 8. HP: 64/75 MP: 7/7
  3935 | D:6      | Reached skill level 9 in Fighting
  4144 | D:6      | Found a shattered altar of Ashenzari.
  4449 | D:6      | Reached skill level 10 in Fighting
  4489 | D:6      | Noticed Pikel
  4504 | D:6      | Killed Pikel
  4504 | D:6      | Reached skill level 10 in Axes
  4504 | D:6      | Reached XP level 9. HP: 65/86 MP: 8/8
  4662 | D:6      | You fall through a shaft for 3 floors!
  4702 | D:9      | Reached skill level 11 in Fighting
  5776 | D:6      | Reached skill level 12 in Fighting
  5943 | D:7      | Found a staircase to the Ecumenical Temple.
  5963 | Temple   | Entered the Ecumenical Temple
  6023 | Temple   | Became a worshipper of Warmaster Okawaru
  6249 | D:7      | Reached XP level 10. HP: 50/99 MP: 9/9
  6989 | D:8      | Found a glowing silver altar of Zin.
  7242 | D:9      | Found a blossoming altar of Fedhas.
  7300 | D:9      | Reached * piety under Okawaru
  7310 | D:9      | Reached skill level 13 in Fighting
  7881 | D:9      | Slain by an ogre

Action                   |  1- 3 |  4- 6 |  7- 9 | 10-12 || total
-------------------------+-------+-------+-------+-------++-------
Melee: War axe           |    94 |   169 |   254 |   141 ||   658
  Use: Potion            |       |     1 |       |     2 ||     3
       Scroll            |       |    12 |     1 |       ||    13
  Eat: Chunk             |     1 |     5 |    11 |     6 ||    23
